 Dungeon Crawl Stone Soup version 0.18.1-47-g9310371 (console) character file.

27 Kloppie the Poker (level 3, -1/28 HPs)
             Began as a Merfolk Skald on June 14, 2016.
             Slain by a goblin
             ... wielding a +0 dagger
             ... led by Robin
              (4 damage)
             ... on level 1 of the Dungeon.
             The game lasted 00:01:24 (1143 turns).

Kloppie the Poker (Merfolk Skald)                   Turns: 1143, Time: 00:01:25

Health: -1/28      AC:  7    Str: 12    XL:     3   Next: 10%
Magic:  1/6        EV:  9    Int: 11    God:
Gold:   84         SH:  0    Dex: 14    Spells: 1 memorised, 5 levels left

rFire  . . .     SeeInvis .     a - +0 spear
rCold  . . .     Gourm    .     g - +0 scale mail (curse)
rNeg   . . .     Faith    .     (no shield)
rPois  .         Spirit   .     (no helmet)
rElec  .         Dismiss  .     (no cloak)
rCorr  .         Reflect  .     j - +0 pair of gloves
SustAt .         Harm     .     (no boots)
MR     .....                    (no amulet)
Stlth  ..........               (no ring)
                                (no ring)

@: not resistant to hostile enchantments, extremely unstealthy
A: change form in water, swift swim
a: no special abilities


You were on level 1 of the Dungeon.
You were not hungry.

You visited 1 branch of the dungeon, and saw 2 of its levels.

You collected 84 gold pieces.

Inventory:

Hand Weapons
 a - a +0 spear (weapon)
Armour
 g - a cursed +0 scale mail (worn)
 j - a +0 pair of gloves (worn)
Scrolls
 e - 2 scrolls of magic mapping {unknown}
 f - a scroll of recharging {unknown}
 i - a scroll of enchant weapon {unknown}
 l - a scroll of enchant armour {unknown}
 m - a scroll of identify {unknown}
Potions
 b - a potion of degeneration {unknown}
 h - a potion of curing {unknown}
Books
 c - a book of Battle

   Spells                             Type                      Level
   a - Infusion                       Charms                       1
   b - Shroud of Golubria             Charms/Translocation         2
   c - Song of Slaying                Charms                       2
   d - Spectral Weapon                Hexes/Charms                 3
   e - Regeneration                   Charms/Necromancy            3
Comestibles
 d - 3 bread rations
 k - 2 chunks of flesh


   Skills:
 + Level 2.5 Fighting
 * Level 4.4 Polearms
 - Level 0.6 Armour
 + Level 2.0 Dodging
 - Level 2.0 Spellcasting
 - Level 3.2 Charms


You had 5 spell levels left.
You knew the following spells:

 Your Spells              Type           Power        Failure   Level  Hunger
a - Infusion              Chrm           #...         45%         1    ##.....


Dungeon Overview and Level Annotations

Branches:
Dungeon (2/15)

Altars:

Annotations:
D:2 Robin


Message History

* * * LOW HITPOINT WARNING * * *
The goblin no longer looks unusually strong.
The goblin hits you but does no damage. x2
There is a stone staircase leading up here.
The goblin no longer looks unusually strong.
The goblin hits you.
* * * LOW HITPOINT WARNING * * *
The goblin hits you but does no damage.
You climb upwards.
There is a stone staircase leading down here.
You barely miss the goblin.
The goblin is heavily wounded.
The goblin closely misses you.
You hit the goblin but do no damage.
The goblin is heavily wounded.
The goblin barely misses you. The goblin hits you but does no damage.
You closely miss the goblin.
The goblin is moderately wounded.
The goblin hits you with a dagger.
You die...

....## ##.§§..§.....##.####
≈≈≈..####..≈≈≈≈..######.#
≈≈≈≈......≈≈≈≈≈≈.# #.#
≈≈≈≈..<>..≈≈≈≈≈≈.# #.#
≈≈≈≈.....§≈§§§§§.# #.#
≈≈≈......§§≈≈≈≈§.# #.#
..........§§§..§.# #.#
########.#.##.##g# #.#
#.#)##.##@# #.#
#.#.##.##g######.#########
#.#[##.##................. ##
#.#........###...####..##.
.#######....#.....#..............
.....................♣♣♣...♣♣♣...
..................#.♣# #♣.♣# #♣..
############..[.(.#.♣ ♣.♣ ♣.. .#
#..###...♣# #♣.♣# #♣.#


You could see 2 goblins.

Vanquished Creatures
  A dart slug (D:1)
  A giant gecko (D:1)
  A giant cockroach (D:1)
  7 goblins (D:2)
  4 hobgoblins
  3 kobolds
  2 bats
  3 giant newts
  A rat (D:1)
23 creatures vanquished.

Notes
Turn   | Place    | Note
--------------------------------------------------------------
     0 | D:1      | Kloppie the Merfolk Skald began the quest for the Orb.
     0 | D:1      | Reached XP level 1. HP: 16/16 MP: 3/3
   494 | D:1      | Reached XP level 2. HP: 17/22 MP: 5/5
   923 | D:1      | Reached skill level 4 in Polearms
  1095 | D:2      | Noticed Robin
  1115 | D:2      | Reached XP level 3. HP: 26/28 MP: 6/6
  1143 | D:1      | Slain by a goblin

Skill      XL: |  1  2 |
---------------+-------+-----
Polearms       | 4 |  4.4
Dodging        | 2 |  2.0
Fighting       | |  2.5
Armour         | |  0.6
Spellcasting   | |  2.0
Charms         | |  3.2

Action                   || total
-------------------------++-------
Melee: Spear             ||    83
 Cast: Infusion          ||     1
  Eat: Chunk             ||     1
Armor: Leather armour    ||     5
       Scale mail        ||    30
Dodge: Dodged            ||    50
